 Dungeon Crawl Stone Soup version 0.22-a0-303-g4a852b3 (webtiles) character file.

478979 grindst0ne the Severer (level 23, -24/187 HPs)
             Began as a Mummy Fighter on Mar 26, 2018.
             Was the Champion of Makhleb.
             Killed from afar by an ancient lich (64 damage)
             ... with a crystal spear
             ... on level 3 of the Crypt on Mar 27, 2018.
             The game lasted 02:56:20 (51812 turns).

grindst0ne the Severer (Mummy Fighter)             Turns: 51812, Time: 02:56:21

Health: -24/187    AC: 35    Str: 23    XL:     23   Next: 67%
Magic:  33/33      EV: 20    Int: 10    God:    Makhleb [******]
Gold:   459        SH: 16    Dex: 12    Spells: 10/22 levels left

rFire    + + .     SeeInvis +   P - +9 broad axe (freeze)
rCold    + + +     Gourm    .   T - +2 shield of Resistance {rF+ rC+ MR+}
rNeg     + + +     Faith    .   r - +10 gold dragon scales
rPois    ∞         Spirit   .   v - +1 helmet {SInv}
rElec    +         Reflect  .   f - +1 cloak of Starlight {rElec rC+ EV+4 Stlth--}
rCorr    .         Harm     .   y - +3 pair of gauntlets of War {Slay+5}
MR       +++++                  s - +2 pair of boots of the Assassin {Detection Stab+ Stlth++}
Stlth    ..........             C - necklace of Bloodlust {*Rage +Rage MR++ Int-3 Slay+6 *Curse} (curse)
HPRegen  0.41/turn              S - ring of protection from fire
MPRegen  0.23/turn              a - +6 ring of evasion

@: about to teleport, corroded, very slightly contaminated
A: no food or potions, fire vulnerability, cold resistance 1, negative energy
resistance 3, torment resistance, unbreathing, in touch with death 1
}: 2/15 runes: barnacled, gossamer
a: Minor Destruction, Lesser Servant of Makhleb, Major Destruction, Greater
Servant of Makhleb, Renounce Religion


You were on level 3 of the Crypt.
You worshipped Makhleb.
Makhleb was exalted by your worship.
You were not hungry.

You visited 9 branches of the dungeon, and saw 44 of its levels.
You also visited: Sewer and Desolation.

You collected 5794 gold pieces.
You spent 5335 gold pieces at shops.

Inventory:

Hand Weapons
 k - the +2 Maxwell's thermic engine {flame, freeze, rF- rC-}
   (You found it on level 5 of the Lair of Beasts)

   It has been specially enchanted to burn those struck by it, causing extra
   injury to most foes and up to half again as much damage against particularly
   susceptible opponents.
   Big, fiery blades are also staple armaments of hydra-hunters.
   It makes you vulnerable to fire.
   It makes you vulnerable to cold.
 p - the +7 sceptre of Torment
   (You found it on level 2 of the Depths)
 P - a +9 broad axe of freezing (weapon)
Missiles
 N - 5 throwing nets (quivered)
Armour
 e - the +2 helmet of Hysteria {+Blink rPois Str-3 Slay-2}
   (You found it on level 3 of the Vaults)

   It affects your strength (-3).
   It affects your accuracy and damage with ranged weapons and melee attacks
   (-2).
   It protects you from poison.
   It lets you blink.
 f - the +1 cloak of Starlight (worn) {rElec rC+ EV+4 Stlth--}
   (You acquired it on level 7 of the Dungeon)

   It affects your evasion (+4).
   It protects you from cold.
   It insulates you from electricity.
   It makes you much less stealthy.
 r - +10 gold dragon scales (worn)
 s - the +2 pair of boots of the Assassin (worn) {Detection Stab+ Stlth++}
   (You acquired it on level 7 of the Dungeon)

   It makes you much more stealthy.
 v - a +1 helmet of see invisible (worn)
 y - the +3 pair of gauntlets of War (worn) {Slay+5}
   (You acquired it on level 7 of the Dungeon)

   It affects your accuracy and damage with ranged weapons and melee attacks
   (+5).
 T - the +2 shield of Resistance (worn) {rF+ rC+ MR+}
   (You took it off Donald on level 1 of the Spider Nest)

   It protects you from fire.
   It protects you from cold.
   It affects your resistance to hostile enchantments.
Jewellery
 a - a +6 ring of evasion (right hand)
 h - the ring of Entrepreneurial Spirit {rElec rC+ MR+ AC+4}
   (You found it on level 3 of the Depths)

   [ring of protection]

   It affects your AC (+4).
   It protects you from cold.
   It insulates you from electricity.
   It affects your resistance to hostile enchantments.
 u - a cursed amulet of inaccuracy {unknown}
 A - an uncursed ring of see invisible
 C - the cursed necklace of Bloodlust (around neck) {*Rage +Rage MR++ Int-3 Slay+6 *Curse}
   (You found it on level 4 of the Shoals)

   [amulet of rage]

   It affects your intelligence (-3).
   It affects your accuracy and damage with ranged weapons and melee attacks
   (+6).
   It affects your resistance to hostile enchantments.
   It lets you go berserk.
   It may make you go berserk in combat.
   It curses itself when equipped.
   It has a curse placed upon it.
 F - the ring "Rogur" {+Fly rN+}
   (You took it off a fire giant on level 4 of the Depths)

   [ring of flight]

   It protects you from negative energy.
   It lets you fly.
 Q - the ring of Maddytt {*Corrode +Fly rN+++ Str+9 SInv}
   (You found it on level 4 of the Shoals)

   [ring of flight]

   It affects your strength (+9).
   It renders you almost immune to negative energy.
   It lets you see invisible.
   It lets you fly.
   It may corrode you when you take damage.
 R - an uncursed ring of resist corrosion
 S - a ring of protection from fire (left hand)
 Y - a +4 ring of evasion
Wands
 i - a wand of acid (15)
 l - a wand of polymorph (54)
 o - a wand of flame (69)
 t - a wand of paralysis (25)
 B - a wand of random effects (162)
 D - a wand of scattershot (3)
 E - a wand of iceblast (11)
 M - a wand of digging (48)
 U - a wand of disintegration (7)
 W - a wand of enslavement (13)
Scrolls
 b - 2 scrolls of blinking
 d - 28 scrolls of remove curse
 g - 13 scrolls of magic mapping
 j - 12 scrolls of teleportation
 m - 5 scrolls of enchant weapon
 n - 4 scrolls of amnesia
 q - 3 scrolls of identify
 z - 2 scrolls of torment
 H - a scroll of silence
 K - 10 scrolls of fog
 L - 2 scrolls of brand weapon
 Z - a scroll of summoning
Miscellaneous
 c - a lamp of fire
 G - 2 phantom mirrors
 I - a lightning rod (4/4)
 O - a box of beasts


   Skills:
 + Level 17.0 Fighting
 - Level 18.0 Axes
 + Level 14.8 Armour
 - Level 14.0 Dodging
 - Level 0.1 Stealth
 - Level 15.0 Shields
 + Level 14.3 Invocations
 - Level 6.1 Evocations


You had 10 spell levels left.
You knew the following spells:

 Your Spells              Type           Power        Failure   Level  Hunger
b - Song of Slaying       Chrm           #.......     100%        2    N/A
c - Animate Dead          Necr           N/A          100%        4    N/A
d - Death Channel         Necr           #.........   100%        6    N/A

Dungeon Overview and Level Annotations

Branches:
Dungeon (15/15)            Temple (1/1) D:7            Lair (6/6) D:8
 Shoals (4/4) Lair:3       Spider (4/4) Lair:3        Slime (0/5) Lair:5
    Orc (2/2) D:10            Elf (0/3) Orc:2        Vaults (4/5) D:13
  Crypt (3/3) Vaults:2       Tomb (0/3) Crypt:3      Depths (5/5) D:15
    Zot (0/5) Depths:5

Altars:
Cheibriados
Dithmenos
Elyvilon
Gozag
Hepliaklqana
Kikubaaqudgha
Makhleb
Okawaru
Qazlal
Ru
Sif Muna
Trog
Uskayaw
Vehumet
Wu Jian
Xom
Yredelemnul
Zin
The Shining One
Beogh

Shops:
D:4 !   D:10 *   D:12 =   Orc:2 :*}=   Vaults:1 =   Vaults:3 [   Vaults:4 (
Depths:2 [[*   Depths:4 *

Portals:
Hell: Depths:1 Depths:2 Depths:3 Depths:4 Depths:5
Abyss: Depths:2 Depths:3 Depths:4
Pandemonium: Depths:3 Depths:5
Ziggurat: Depths:5

Annotations:
Lair:1 exclusion: 2 oklob plants
Lair:2 exclusion: oklob plant
Shoals:3 Fingolfin's ghost, adept FoFi
Spider:2 exclusion: downstairs


Innate Abilities, Weirdness & Mutations

You do not eat or drink.
Your flesh is vulnerable to fire.
You are immune to poison.
Your flesh is cold resistant. (rC+)
You are immune to negative energy. (rN+++)
You are immune to unholy pain and torment.
You can survive without breathing.
You are in touch with the powers of death.


Message History

The lich touches you but does no damage.
The ancient lich points at you and mumbles some strange words.
The bolt of acid hits you!
* * * LOW HITPOINT WARNING * * *
The acid corrodes you!
You are splashed with acid!
The acid burns!
* * * LOW HITPOINT WARNING * * *
You slash the ancient lich!
The ancient lich is almost destroyed.
Your gold dragon scales prevents you from hitting the lich.
The ancient lich gestures at you while chanting.
You block the crystal spear. You block the lich's attack.
Blink to where?
Press: ? - help, Dir - move target cursor You are very lightly contaminated with residual magic.
As you read the scroll of blinking, it crumbles to dust.
As you read the scroll of teleportation, it crumbles to dust.
You feel strangely unstable.
The ancient lich points at you and mumbles some strange words.
The crystal spear hits you!
You die...

.#...##...........##...#.##.#.#
.#...##....L......##..##.##.#.#
......###..L.{..###...##.##.#.#
........##''''{##...####.##.#.#
...###.........{....# #.##.#.#
........########L##.# #.##.#.##
.######.# #......####.##....#
.######.# ##L###........#....#
.##...#.#####...@..............##
...............###....###........
###...#.#####.#...#..#...#..#....
# #####....##.#.⌠.#..#.⌠.#..#....
# #####....##.#...#≈≈#...#..#.###
# #...........≈###≈≈≈≈###≈..#.# #
#......###...≈≈≈≈≈≈≈≈≈≈...#.# #
#......# ##..≈≈≈≈≈≈≈≈≈≈...#.# #
####...# #.≈###≈≈≈≈###≈..#.#


You could see an ancient lich.

Vanquished Creatures
  Mara (Vaults:4)
  2 juggernauts (Depths:4)
  3 greater mummies (Depths:2)
  Sojobo (Depths:3)
  Boris (Crypt:3)
  Xtahua (Depths:5)
  Saint Roka (Vaults:4)
  Bai Suzhen (Vaults:2)
  Nikola (Depths:1)
  the Enchantress (Depths:3)
  A bone dragon (Crypt:3)
  Rupert (Depths:3)
  A lich (Crypt:1)
  A tentacled monstrosity (Depths:4)
  Asterion (Lair:3)
  A titan (Depths:4)
  A quicksilver dragon (Depths:4)
  6 ancient champions
  3 krakens
  A shadow dragon (Depths:4)
  Frances (Spider:2)
  2 sphinxes
  A draconian monk (Depths:5)
  A tengu reaver (D:15)
  Donald (Spider:1)
  Roxanne (Shoals:1)
  A storm dragon (Depths:5)
  A revenant (Crypt:2)
  An imperial myrmidon (Desolation)
  2 orc warlords
  6 fire giants
  5 ghost moths
  4 emperor scorpions
  A balrug (Depths:1)
  A curse skull (Crypt:3)
  2 deep elf sorcerers
  6 frost giants
  Louise (Spider:2)
  4 ghouls
  7 vault wardens
  A draconian stormcaller (Depths:5)
  11 ironheart preservers
  2 deep elf elementalists (Depths:4)
  21 very ugly things
  16 stone giants
  2 war gargoyles
  8 spriggan defenders
  6 caustic shrike skeletons (Depths:3)
  3 entropy weavers
  9 vampire knights
  A deep elf demonologist (Vaults:4)
  A yellow draconian (Depths:5)
  A white draconian (Depths:5)
  A red draconian (Depths:5)
  A purple draconian (Depths:5)
  A dire elephant (Depths:3)
  A black draconian (Depths:5)
  2 halazid warlocks (Desolation)
  4 spark wasps
  9 ettins
  3 merfolk javelineers (Shoals:4)
  4 eidola (Crypt:1)
  6 merfolk impalers
  A deep elf death mage (Crypt:1)
  A deep elf high priest (Depths:5)
  7 fire dragons
  4 crystal guardians
  2 mummy priests (Depths:2)
  8 yaktaur captains
  7 great orbs of eyes
  10 jiangshi
  Josephine (Shoals:1)
  5 hydras
  5 ragged hierophants (Desolation)
  13 rakshasas
  5 servants of whispers (Desolation)
  3 merfolk aquamancers
  7 ice dragons
  9 peacekeepers (Desolation)
  14 vault guards
  9 centaur warriors
  2 merfolk avatars
  2 alligator snapping turtles
  11 spriggan air magi
  7 tengu warriors
  5 death knights
  16 two-headed ogres
  8 deep troll shamans
  8 ogre magi
  7 vampire magi
  5 deep troll earth magi
  6 spriggan berserkers
  11 death yaks
  5 orc high priests
  3 soul eaters
  7 deep elf knights
  2 sun demons (Depths:1)
  3 iron trolls (Depths:4)
  8 skeletal warriors
  An unseen horror (shapeshifter) (Vaults:4)
  5 shadow wraiths
  2 flayed ghosts
  2 unseen horrors
  11 sea snakes
  27 deep trolls
  A glowing orange brain (Depths:1)
  A shadow dragon zombie (Vaults:3)
  5 spriggan druids (Depths:3)
  8 deep elf archers
  An orange crystal statue (Crypt:1)
  A lindwurm (Lair:6)
  5 wizards
  4 necromancers
  7 phantasmal warriors
  An oklob plant (Shoals:1)
  11 orc knights
  9 harpies
  An iron giant skeleton (Crypt:2)
  15 manticores
  2 fauns (Shoals:2)
  14 orb spiders
  5 cyclopes
  15 deep elf magi
  9 ironbrand convokers
  22 wolf spiders
  A fire giant zombie (Crypt:2)
  A stone giant zombie (Crypt:2)
  51 ugly things
  5 orc sorcerers
  2 moths of wrath (Spider:2)
  A spriggan zombie (Depths:2)
  7 merfolk sirens
  A fire giant skeleton (Depths:2)
  A frost giant skeleton (Crypt:3)
  12 vault sentinels
  An eye of devastation (shapeshifter) (Vaults:2)
  3 black mambas (Lair:6)
  4 guardian serpents (Desolation)
  The ghost of RoseArtemis the Chopper, a novice MiFi (D:5)
  10 elephants
  7 water nymphs
  2 rust devils (Depths:5)
  A molten gargoyle (Desolation)
  2 torpor snails
  A black mamba (shapeshifter) (Depths:2)
  A shock serpent skeleton (Crypt:3)
  A hellion (Depths:5)
  7 spiny frogs
  2 dire elephant skeletons
  11 komodo dragons
  A rime drake (shapeshifter) (Vaults:3)
  2 rime drakes
  A komodo dragon (shapeshifter) (Depths:4)
  A spiny frog (shapeshifter) (Vaults:4)
  A yellow draconian zombie (Crypt:3)
  28 yaktaurs
  A yaktaur zombie (Vaults:3)
  11 demonic crawlers
  7 freezing wraiths
  A green draconian skeleton (Crypt:3)
  2 tengu conjurers (D:13)
  A queen bee (shapeshifter) (Vaults:2)
  A guardian mummy (Crypt:3)
  A queen bee (Spider:3)
  A wind drake (shapeshifter) (Depths:1)
  4 polar bears
  A red devil (Depths:5)
  29 jumping spiders
  A meliai (shapeshifter) (Vaults:3)
  A polar bear (shapeshifter) (Depths:3)
  A troll (shapeshifter) (Depths:3)
  22 merfolk
  38 hornets
  6 meliai
  7 trolls
  9 hippogriffs
  4 wind drakes
  14 slime creatures
  4 dream sheep
  7 blink frogs
  2 raiju (shapeshifter)
  51 saltlings (Desolation)
  An iron dragon simulacrum (Depths:2)
  A bog body (Crypt:2)
  8 snapping turtles
  A satyr zombie (Crypt:1)
  2 flying skulls (Crypt:3)
  A fire giant simulacrum (Vaults:2)
  70 redbacks
  An ice dragon skeleton (Crypt:3)
  A yak (shapeshifter) (D:13)
  5 wyverns
  2 spriggans (shapeshifter) (Depths:4)
  2 shadows
  3 vampires (Vaults:2)
  8 water elementals
  12 wraiths
  55 spriggans
  32 tarantellas
  4 hungry ghosts
  2 golden eyes (shapeshifter)
  18 yaks
  3 vampire mosquitoes
  5 basilisks (Lair:4)
  A tyrant leech zombie (Crypt:2)
  A water nymph zombie (Crypt:3)
  A two-headed ogre zombie (Crypt:1)
  5 wargs
  A soldier ant (D:8)
  An acid dragon (shapeshifter) (Depths:5)
  15 water moccasins
  A deep troll skeleton (Vaults:1)
  A floating eye (shapeshifter) (Depths:5)
  A human skeleton (Vaults:3)
  An orb spider zombie (Crypt:1)
  10 porcupines
  2 ice beasts (D:11)
  25 ogres
  2 phantoms
  2 sky beasts
  3 black bears
  3 torturous demonspawn skeletons
  A black bear (shapeshifter) (Vaults:4)
  55 orc warriors
  14 boggarts
  5 necrophages
  18 centaurs
  27 wolves
  A rime drake zombie (Crypt:2)
  17 crocodiles
  2 human zombies (Vaults:1)
  3 big kobolds
  13 bullfrogs
  A komodo dragon skeleton (Crypt:1)
  A draconian skeleton (Crypt:2)
  A glowing shapeshifter simulacrum (Vaults:3)
  A water moccasin zombie (D:9)
  2 scorpions
  15 killer bees
  23 wights
  3 howler monkeys
  2 electric eels
  10 jellies
  7 crimson imps
  A human simulacrum (Vaults:1)
  3 bullfrog zombies
  9 hounds
  A quasit (D:10)
  7 centaur zombies
  32 orc priests
  3 bullfrog skeletons
  6 iguanas
  A basilisk skeleton (Crypt:1)
  Terence (D:2)
  26 orc wizards
  16 worker ants
  A tengu zombie (Crypt:1)
  A crocodile skeleton (Crypt:1)
  A naga skeleton (Crypt:3)
  2 hound zombies
  A hound skeleton (D:10)
  12 mummies (Crypt:3)
  4 worker ant zombies
  3 gnolls (D:7)
  23 adders
  A scorpion zombie (Crypt:3)
  2 shadow imps
  17 oozes
  2 adder zombies
  An adder skeleton (D:4)
  3 worms
  2 dart slugs (D:1)
  12 leopard geckos
  98 orcs
  10 bats
  16 giant cockroaches
  17 hobgoblins
  16 jackals
  28 kobolds
  3 quokkas
  3 ball pythons
  A dart slug zombie (Crypt:1)
  14 frilled lizards
  7 goblins
  A leopard gecko zombie (D:5)
  An orc zombie (Crypt:3)
  A quokka skeleton (D:6)
  11 rats
  A river rat skeleton (Crypt:2)
  10 plants
  12 tentacles
1981 creatures vanquished.

Vanquished Creatures (collateral kills)
  Ilsuiw (Shoals:4)
  A spriggan defender (Depths:3)
  2 fire dragons
  2 merfolk impalers (Shoals:4)
  An alligator snapping turtle (Shoals:3)
  A merfolk avatar (Shoals:4)
  A merfolk aquamancer (Shoals:4)
  A sea snake (Shoals:4)
  3 wolf spiders
  An orb spider (Spider:3)
  An ironbrand convoker (Desolation)
  A harpy (Shoals:4)
  3 manticores
  An ugly thing (D:13)
  A cyclops (Vaults:2)
  A faun (Shoals:3)
  A water nymph (Shoals:4)
  A merfolk siren (Shoals:4)
  A jumping spider (Spider:3)
  3 merfolk
  A wind drake (Shoals:3)
  3 hornets
  A hippogriff (Shoals:1)
  2 saltlings (Desolation)
  A dream sheep (Shoals:4)
  2 redbacks
  A spriggan (Depths:3)
  2 tarantellas (Spider:3)
  A warg (Orc:1)
  2 orc warriors (Orc:1)
  An electric eel (Spider:3)
  3 orc wizards (Orc:1)
  5 orcs (Orc:1)
53 creatures vanquished.

Vanquished Creatures (others)
  A jumping spider (Spider:1)
  A water elemental (Depths:5)
  A centaur (Shoals:3)
  An orc priest (Orc:2)
  A bush (Depths:1)
  6 fungi
  42 plants
  19 tentacles
72 creatures vanquished.

Grand Total: 2106 creatures vanquished

Notes
Turn   | Place    | Note
-------+----------+-------------------------------------------
     0 | D:1      | grindst0ne the Mummy Fighter began the quest for the Orb.
     0 | D:1      | Reached XP level 1. HP: 18/18 MP: 1/1
    91 | D:1      | Reached XP level 2. HP: 18/24 MP: 2/2
   426 | D:1      | Reached XP level 3. HP: 20/30 MP: 3/3
  1027 | D:2      | Reached XP level 4. HP: 37/37 MP: 4/4
  1157 | D:2      | Noticed Terence
  1175 | D:2      | Killed Terence
  1175 | D:2      | Reached skill level 1 in Dodging
  1358 | D:2      | Reached XP level 5. HP: 35/42 MP: 5/5
  1516 | D:2      | Reached skill level 2 in Axes
  1973 | D:3      | Found a glowing drain.
  1984 | Sewer    | Entered a sewer
  2175 | Sewer    | Got a smoking lajatang
  2179 | Sewer    | Reached XP level 6. HP: 45/50 MP: 6/6
  2185 | Sewer    | Identified the +11 lajatang of Judgement {slice, rC+ Dex-2 Stlth+} (You found it in a sewer)
  2708 | D:4      | Reached skill level 5 in Fighting
  2785 | D:4      | Found Kuosidot's Distillery.
  2914 | D:4      | Reached XP level 7. HP: 56/56 MP: 7/7
  3113 | D:5      | Entered Level 5 of the Dungeon
  3251 | D:5      | Noticed RoseArtemis's ghost (novice MiFi)
  3257 | D:5      | Killed RoseArtemis's ghost
  3257 | D:5      | Reached skill level 5 in Armour
  3274 | D:5      | Learned a level 4 spell: Summon Ice Beast
  3368 | D:5      | Reached XP level 8. HP: 55/65 MP: 8/8
  3926 | D:6      | Reached skill level 1 in Evocations
  4019 | D:6      | Found a radiant altar of Vehumet.
  4091 | D:6      | Reached XP level 9. HP: 24/74 MP: 10/10
  5155 | D:7      | Identified 3 scrolls of acquirement
  5158 | D:7      | Found the +1 cloak of Starlight {rElec rC+ EV+4 Stlth--}
  5162 | D:7      | Found the +2 pair of boots of the Assassin {Detection Stab+ Stlth++}
  5164 | D:7      | Found the +3 pair of gauntlets of War {Slay+5}
  5376 | D:7      | Found a staircase to the Ecumenical Temple.
  5382 | Temple   | Entered the Ecumenical Temple
  5460 | Temple   | Became a worshipper of Makhleb the Destroyer
  5850 | D:8      | Found a sacrificial altar of Ru.
  5850 | D:8      | Found a stormy altar of Qazlal.
  5850 | D:8      | Found a white marble altar of Elyvilon.
  5872 | D:8      | Noticed a two-headed ogre
  5880 | D:8      | Killed a two-headed ogre
  5880 | D:8      | Reached skill level 5 in Evocations
  5960 | D:8      | Noticed a komodo dragon
  5961 | D:8      | Found a staircase to the Lair.
  5964 | D:8      | Reached XP level 10. HP: 73/83 MP: 14/14
  6178 | D:8      | Reached * piety under Makhleb
  6576 | D:9      | Found a glowing golden altar of the Shining One.
  7023 | D:9      | Reached skill level 10 in Fighting
  7246 | D:9      | Noticed a two-headed ogre
  7254 | D:9      | Killed a two-headed ogre
  7254 | D:9      | Reached skill level 1 in Invocations
  7412 | D:9      | Found an iron altar of Okawaru.
  7584 | D:10     | Entered Level 10 of the Dungeon
  7598 | D:10     | Reached ** piety under Makhleb
  7782 | D:10     | Noticed a two-headed ogre
  7786 | D:10     | Killed a two-headed ogre
  7786 | D:10     | Reached XP level 11. HP: 92/92 MP: 15/15
  8019 | D:10     | Got a bone mace
  8020 | D:10     | Identified the +6 mace "Nepit" {flame, Str+6} (You found it on level 10 of the Dungeon)
  8041 | D:10     | Found a basalt altar of Yredelemnul.
  8078 | D:10     | Noticed a two-headed ogre
  8085 | D:10     | Killed a two-headed ogre
  8092 | D:10     | Identified the Tome of Mutagenic Battle Magic
  8094 | D:10     | Found a staircase to the Orcish Mines.
  8145 | D:10     | Found Livuott's General Store.
  8153 | D:10     | Bought an uncursed ring of see invisible for 180 gold pieces
  8153 | D:10     | Bought a scroll of teleportation for 36 gold pieces
  8768 | D:11     | Reached *** piety under Makhleb
  8830 | D:11     | Identified the Almanac of Lethal Black Magic
  8881 | D:11     | Noticed a death knight
  8881 | D:11     | Noticed a phantasmal warrior
  9167 | D:11     | Killed a phantasmal warrior
  9174 | D:11     | Killed a death knight
  9174 | D:11     | Reached skill level 5 in Invocations
  9179 | D:11     | Reached skill level 5 in Dodging
  9703 | D:12     | Found Patiedd's Jewellery Boutique.
  9709 | D:12     | Reached skill level 3 in Axes
  9872 | D:12     | Noticed a green ugly thing
  9877 | D:12     | Killed a green ugly thing
 10470 | Lair:1   | Entered Level 1 of the Lair of Beasts
 10753 | Lair:1   | Reached XP level 12. HP: 85/102 MP: 16/16
 10756 | Lair:1   | Noticed a five-headed hydra
 10762 | Lair:1   | Killed a six-headed hydra
 10762 | Lair:1   | Reached skill level 4 in Axes
 11457 | Lair:2   | Reached **** piety under Makhleb
 12249 | Lair:3   | Found a staircase to the Shoals.
 12354 | Lair:3   | Found a hole to the Spider Nest.
 12488 | Lair:3   | Noticed an eight-headed hydra
 12502 | Lair:3   | Killed an eight-headed hydra
 13028 | Lair:4   | Noticed a five-headed hydra
 13042 | Lair:4   | Killed a five-headed hydra
 13212 | Lair:4   | Reached ***** piety under Makhleb
 14003 | Lair:5   | Gained mutation: You are in touch with the powers of death. [Mummy growth]
 14003 | Lair:5   | Reached XP level 13. HP: 104/108 MP: 19/19
 14154 | Lair:5   | Found the +2 Maxwell's thermic engine {flame, freeze, rF- rC-}
 14233 | Lair:5   | Found a staircase to the Slime Pits.
 14714 | Lair:6   | Entered Level 6 of the Lair of Beasts
 15181 | Lair:6   | Reached skill level 10 in Armour
 16628 | Lair:6   | Reached skill level 10 in Invocations
 16662 | Lair:6   | Reached XP level 14. HP: 115/115 MP: 21/21
 17529 | D:13     | Reached ****** piety under Makhleb
 17827 | D:13     | Found a gate to the Vaults.
 18723 | D:14     | Reached skill level 10 in Dodging
 19320 | D:15     | Entered Level 15 of the Dungeon
 19784 | D:15     | Found a staircase to the Depths.
 20430 | Orc:1    | Entered Level 1 of the Orcish Mines
 20996 | Orc:2    | Entered Level 2 of the Orcish Mines
 21083 | Orc:2    | Noticed an orc warlord
 21556 | Orc:1    | Killed an orc warlord
 21724 | Orc:2    | Found a roughly hewn altar of Beogh.
 21789 | Orc:2    | Found a staircase to the Elven Halls.
 21834 | Orc:2    | Reached XP level 15. HP: 124/124 MP: 23/23
 21960 | Orc:2    | Paralysed by an orc sorcerer for 2 turns
 22253 | Orc:2    | Found Lausann's Gadget Shop.
 22253 | Orc:2    | Found Dohukiv's Book Boutique.
 22262 | Orc:2    | Found Coxav's Assorted Antiques.
 22265 | Orc:2    | Found Xiroror's Jewellery Shop.
 22278 | Orc:2    | Bought a wand of acid (10) for 364 gold pieces
 22278 | Orc:2    | Bought a wand of digging (15) for 494 gold pieces
 22614 | Orc:2    | Upgraded the game from 0.22-a0-301-gf0fe05c to 0.22-a0-303-g4a852b3
 22710 | D:12     | Bought an uncursed ring of resist corrosion for 280 gold pieces
 22928 | Spider:1 | Entered Level 1 of the Spider Nest
 23237 | Spider:1 | Noticed Asterion
 23616 | Lair:3   | Killed Asterion
 24060 | Spider:1 | Identified the +2 pair of boots "Wuttump" {-Tele Dex+6} (You found it on level 1 of the Spider Nest)
 25122 | Spider:2 | Noticed Donald
 25433 | Spider:1 | Killed Donald
 25729 | Spider:2 | Reached skill level 5 in Axes
 25769 | Spider:2 | Noticed Louise
 25797 | Spider:2 | Killed Louise
 26546 | Spider:2 | Noticed Frances
 26554 | Spider:2 | Killed Frances
 26554 | Spider:2 | Reached XP level 16. HP: 133/133 MP: 25/25
 26709 | Spider:2 | Reached skill level 6 in Axes
 27200 | Spider:2 | Reached skill level 5 in Shields
 27959 | Spider:3 | Reached skill level 7 in Axes
 27977 | Spider:3 | Identified the Grimoire of the Insatiable Allies
 28977 | Spider:4 | Entered Level 4 of the Spider Nest
 29892 | Spider:4 | Reached skill level 8 in Axes
 30890 | Spider:4 | Got a gossamer rune of Zot
 31506 | Orc:2    | Bought a scroll of enchant weapon for 225 gold pieces
 31768 | Shoals:1 | Entered Level 1 of the Shoals
 31787 | Shoals:1 | Found a shimmering altar of Xom.
 31918 | Shoals:1 | Noticed Josephine
 31936 | Shoals:1 | Killed Josephine
 32026 | Shoals:1 | Reached skill level 9 in Axes
 32028 | Shoals:1 | Noticed a kraken
 32038 | Shoals:1 | Killed a kraken
 32105 | Shoals:1 | Noticed Roxanne
 32125 | Shoals:1 | Killed Roxanne
 32126 | Shoals:1 | Identified Roxanne's Almanac of the Rocks (You took it off Roxanne on level 1 of the Shoals)
 32597 | Shoals:2 | Learned a level 2 spell: Song of Slaying
 32602 | Shoals:2 | Learned a level 4 spell: Animate Dead
 32692 | Shoals:2 | Reached XP level 17. HP: 139/139 MP: 26/26
 33611 | Shoals:3 | Noticed a kraken
 34148 | Shoals:3 | Reached skill level 10 in Axes
 34237 | Shoals:3 | Killed a kraken
 34299 | Shoals:3 | Noticed Fingolfin's ghost (adept FoFi)
 34585 | Shoals:4 | Entered Level 4 of the Shoals
 34817 | Shoals:4 | Got a barnacled rune of Zot
 35025 | Shoals:4 | Reached skill level 10 in Shields
 35163 | Shoals:4 | Learned a level 6 spell: Death Channel
 35166 | Shoals:4 | Noticed a kraken
 35176 | Shoals:4 | Killed a kraken
 35397 | Shoals:4 | Found the cursed necklace of Bloodlust {*Rage +Rage MR++ Int-3 Slay+6 *Curse}
 35696 | Shoals:3 | Reached skill level 11 in Axes
 35849 | Shoals:4 | Got an ancient steel ring
 35851 | Shoals:4 | Identified the ring of Maddytt {*Corrode +Fly rN+++ Str+9 SInv} (You found it on level 4 of the Shoals)
 35917 | Shoals:4 | Noticed Ilsuiw
 35940 | Shoals:4 | Killed Ilsuiw
 36556 | Vaults:1 | Entered Level 1 of the Vaults
 36898 | Vaults:1 | Reached XP level 18. HP: 146/146 MP: 27/27
 37278 | Vaults:1 | Found Bopo's Jewellery Emporium.
 37332 | Vaults:1 | Reached skill level 12 in Axes
 37883 | Vaults:2 | Found a ruined gateway.
 37892 | Desolati | Entered the Desolation of Salt
 37939 | Desolati | Identified the Tome of Supportive Combat Magic
 37942 | Desolati | Found the +7 captain's cutlass {speed, disarm}
 37962 | Desolati | Got a faintly glowing tin amulet
 37963 | Desolati | Identified the amulet of the Philosopher {Faith Dex+7} (You found it in the Desolation of Salt)
 38106 | Desolati | Got a scintillating silver amulet
 38116 | Desolati | Identified the Almanac of Arcane Weapons
 38119 | Desolati | Identified the Volume of the Destructive Snowflakes
 38130 | Desolati | Identified the amulet "Acaetrai" {Harm *Drain Dex+2} (You found it in the Desolation of Salt)
 38367 | Desolati | Identified the Volume of the Birds
 38373 | Desolati | Identified the cursed -2 pair of boots of Freedom {Stlth+} (You found it in the Desolation of Salt)
 38439 | Desolati | Reached skill level 13 in Axes
 38925 | Vaults:2 | Noticed Bai Suzhen
 38952 | Vaults:2 | Killed Bai Suzhen
 38983 | Vaults:2 | Reached XP level 19. HP: 151/152 MP: 28/28
 39369 | Vaults:2 | Found a staircase to the Crypt.
 39938 | Vaults:3 | Reached skill level 14 in Axes
 40597 | Vaults:3 | Found Aril's Antique Armour Boutique.
 40610 | Vaults:3 | Bought a runed helmet for 270 gold pieces
 40815 | Vaults:3 | Identified the +2 helmet of Hysteria {+Blink rPois Str-3 Slay-2} (You found it on level 3 of the Vaults)
 41180 | Vaults:4 | Noticed Mara
 41182 | Vaults:4 | Noticed grindst0ne's illusion
 41200 | Vaults:4 | Killed Mara
 41429 | Vaults:4 | Reached skill level 15 in Axes
 41468 | Vaults:4 | Reached XP level 20. HP: 116/159 MP: 29/29
 41778 | Vaults:4 | Found Eggocos's Antique Weapon Emporium.
 41996 | Vaults:4 | Reached skill level 15 in Shields
 42137 | Vaults:4 | Noticed Saint Roka
 42166 | Vaults:4 | Killed Saint Roka
 42577 | Depths:1 | Entered Level 1 of the Depths
 42589 | D:15     | Reached skill level 16 in Axes
 42884 | Depths:1 | Found a gateway to Hell.
 43110 | Depths:1 | Noticed Nikola
 43126 | Depths:1 | Killed Nikola
 43128 | Depths:1 | Got a steaming bone ring
 43129 | Depths:1 | Identified the ring of the Bull {rPois Int+4 Dex+3} (You took it off Nikola on level 1 of the Depths)
 43427 | Depths:2 | Reached skill level 17 in Axes
 43474 | Depths:2 | Found Heroq's Assorted Antiques.
 43476 | Depths:2 | Found Onowkioh's Armour Shop.
 43478 | Depths:2 | Found Oxusaf's Antique Armour Boutique.
 43594 | Depths:2 | Reached XP level 21. HP: 165/165 MP: 30/30
 43705 | Depths:2 | Noticed a greater mummy
 43716 | Depths:2 | Killed a greater mummy
 43727 | Depths:2 | Noticed a greater mummy
 43744 | Depths:2 | Killed a greater mummy
 43746 | Depths:2 | Noticed a greater mummy
 43747 | Depths:2 | Found the +7 sceptre of Torment
 43761 | Depths:2 | Killed a greater mummy
 43761 | Depths:2 | Reached skill level 18 in Axes
 43978 | Depths:2 | Found a one-way gate to the infinite horrors of the Abyss.
 45281 | Depths:3 | Found a bloodstained altar of Trog.
 45320 | Depths:3 | Found a one-way gate leading to the halls of Pandemonium.
 45945 | Depths:3 | Got an ancient amber ring
 45957 | Depths:3 | Noticed the Enchantress
 46289 | Depths:3 | Killed the Enchantress
 46289 | Depths:3 | Reached skill level 15 in Fighting
 46291 | Depths:3 | Identified the +1 faerie dragon scales {rCorr Dex+3 SInv} (You took it off the Enchantress on level 3 of the Depths)
 46309 | Depths:3 | Identified the ring of Entrepreneurial Spirit {rElec rC+ MR+ AC+4} (You found it on level 3 of the Depths)
 46789 | Depths:4 | Found Dolale's Desiderata Depot.
 46828 | Depths:4 | Noticed Sojobo
 46828 | Depths:4 | Noticed Rupert
 46862 | Depths:3 | Killed Rupert
 46889 | Depths:3 | Killed Sojobo
 47160 | Depths:4 | Reached XP level 22. HP: 124/175 MP: 31/31
 47362 | Depths:4 | Noticed a juggernaut
 47373 | Depths:4 | Killed a juggernaut
 47376 | Depths:4 | Got a vibrating ivory ring
 47588 | Depths:4 | Identified the ring "Rogur" {+Fly rN+} (You took it off a fire giant on level 4 of the Depths)
 47641 | Depths:4 | Noticed a juggernaut
 47673 | Depths:4 | Killed a juggernaut
 48490 | Depths:5 | Entered Level 5 of the Depths
 48549 | Depths:5 | Found a gate to the Realm of Zot.
 48942 | Depths:5 | Noticed Xtahua
 48971 | Depths:5 | Killed Xtahua
 48992 | Depths:5 | Reached XP level 23. HP: 184/184 MP: 33/33
 49040 | Depths:5 | Found a gateway to a ziggurat.
 49545 | Depths:2 | Bought shiny gold dragon scales for 3486 gold pieces
 49781 | Crypt:1  | Entered Level 1 of the Crypt
 49913 | Crypt:1  | Found a shimmering altar of Xom.
 51067 | Crypt:3  | Entered Level 3 of the Crypt
 51456 | Crypt:3  | Found a staircase to the Tomb.
 51456 | Crypt:3  | Noticed Boris
 51473 | Crypt:3  | Killed Boris
 51782 | Crypt:3  | Noticed an ancient lich
 51782 | Crypt:3  | Noticed an ancient lich
 51782 | Crypt:3  | Noticed an ancient lich
 51812 | Crypt:3  | Killed from afar by an ancient lich

Vault maps used:
D:1:      dpeg_arrival_pond, serial_bayou_pond_c
D:2:      first_ration, due_unseen_surprise, uniq_terence
D:3:      portal_sewer_entry_e
D:4:      serial_shops, shop
D:5:      corexii_shack_village, serial_bayou_pond_b
D:6:      fiery_altar_vehumet, st_stairs_4
D:7:      temple_doors_ab
D:8:      grunt_temple_overflow_open, david_lair_shrubbed,
          hangedman_pestilent_swarm
D:9:      tso_metal_star, marbit_many_paths, kennysheep_generic_room_9
D:10:     orc_0_dummy, serial_shops, nicolae_shop_stone, basic_altar
D:12:     serial_shops, shop_fountains
D:13:     erik_vaults_2
D:15:     grunt_enter_depths_hoard, minivault_27
Temple:   regret_index_temple_sphere_string
Lair:1:   minmay_lair_oklob_chamber, grunt_megastairs_2
Lair:2:   lemuel_slime, minmay_hedge_maze, guppyfry_lair_drakes
Lair:3:   minmay_shoals_entry_centaurs, spider_nest_entry_web_field
Lair:4:   kennysheep_basilisk_garden, grunt_megastairs_1
Lair:5:   slime_dummy
Lair:6:   minmay_lair_end_enchanted_forest, st_stairs_6
Shoals:1: lemuel_oklob_altar, uniq_roxanne, uniq_josephine
Shoals:4: shoals_end_grunt_ice, shoal_ilsuiw
Spider:1: spider_trap, spiders_nest_hornet_nest, uniq_asterion
Spider:2: uniq_frances, uniq_donald, uniq_louise
Spider:3: spider_trap, nicolae_looking_at_the_future
Spider:4: spider_rune_water, guppyfry_spider_mini_1
Orc:2:    st_orc_mages, lemuel_statue_altar
Vaults:1: v_misc_15, vaults_dpeg_hooks, vaults_dpeg_cross,
          nicolae_vaults_what_the_h, special_room_vaults, serial_shops,
          shop_statue
Vaults:2: nicolae_vaults_circle_grid_a, vaults_mumra_bighexcomb, v_misc_31,
          vaults_room_ringed_pool, minmay_crypt_entry_vampire_xt,
          vaults_mumra_minichess_inversion, vaults_room_corners,
          nicolae_vaults_triangles, ontoclasm_vaults_chip,
          portal_desolation_entry_nicolae_slug, uniq_bai_suzhen
Vaults:3: ontoclasm_vaults_bender, hangedman_vaults_corner, v_misc_23,
          ontoclasm_vaults_hangar, nicolae_vaults_rhombus_5,
          nicolae_vaults_network_star, nicolae_vaults_network_square,
          nicolae_vaults_inception_statues, vaults_room_large_hall, v_rooms_3,
          vaults_room_corners, v_misc_24, vaults_room_corners,
          vaults_room_hangedman_quadrants, serial_shops, shop
Vaults:4: nicolae_vaults_big_angled_halls, v_misc_8, vaults_mumra_chevron_long,
          v_misc_16, hangedman_vaults_stitches,
          hangedman_vaults_stretched_pinwheel, vaults_room_stairs_pillars,
          ontoclasm_vaults_decontamination, vaults_room_hallway,
          vaults_room_fours, nicolae_vaults_holding_cells,
          ontoclasm_vaults_tryst, hangedman_vaults_stagger,
          vaults_mumra_hexcomb, nicolae_vaults_little_ls, v_pattern_5,
          hangedman_vaults_restitches, nicolae_vaults_circle_grid_b,
          serial_shops, nicolae_shop_waterfront, uniq_mara, uniq_saint_roka
Crypt:1:  due_chaos_kobolds
Crypt:3:  david_glass_crypt, nicolae_tomb_entry_unfolded_pyramid_diagonal,
          st_stairs_5, nicolae_crypt_twisting_catacombs, grunt_ministairs_6,
          fountainhead, uniq_boris
Depths:1: kennysheep_boxes, lightli_too_deep, grunt_ministairs_7,
          feat_on_display, uniq_nikola
Depths:2: minmay_guarded_unrand_sceptre_of_torment,
          pf_vacation_house_of_asmodeus, serial_glass, glass_columns_a,
          glass_columns_a, abyss_entry, minmay_staircase_windowed_small,
          minmay_shop_star
Depths:3: spriggan_forest, abyss_entry, serial_shops, hell_entry, pan_entry
Depths:4: grunt_arcs, abyss_entry_crystal, pf_coc_iceberg,
          nicolae_alphabet_shops, sword_in_stone
Depths:5: grunt_zot_entry_tricorne, enter_ziggurat_b, rand_demon_pan_entry_8,
          grunt_hell_entry_dis_grunt, hangedman_decor_slide_cut, st_stairs_8,
          kennysheep_underground_church, uniq_xtahua
Sewer:    sewer_frog_island_01

Skill      XL: |  1  2  3  4  5  6  7  8  9 10 11 12 13 14 15 16 17 18 19 20 21 22 23 |
---------------+----------------------------------------------------------------------+-----
Armour         | 3 4 5 6 7 8 9 10 11 12 13 14 | 14.8
Fighting       | 4 5 6 8 9 10 11 12 13 14 15 16 17 | 17.0
Dodging        | 1 3 5 7 9 10 11 12 13 14 | 14.0
Axes           | 2 3 4 5 9 11 13 15 17 18 | 18.0
Evocations     | 2 5 6 |  6.1
Invocations    | 3 6 8 10 11 12 13 14 | 14.3
Shields        | 4 8 11 13 14 15 | 15.0
Stealth        | |  0.1

Action                   |  1- 3 |  4- 6 |  7- 9 | 10-12 | 13-15 | 16-18 | 19-21 | 22-24 || total
-------------------------+-------+-------+-------+-------+-------+-------+-------+-------++-------
Melee: War axe           |    78 |   205 |       |       |       |       |       |       ||   283
       Lajatang          |       |    40 |   218 |   546 |  1258 |   386 |       |       ||  2448
       Flail             |       |       |       |    20 |    13 |       |       |       ||    33
       Double sword      |       |       |       |       |    19 |     4 |       |       ||    23
       Broad axe         |       |       |       |       |       |  1071 |  1186 |   938 ||  3195
       Staff             |       |       |       |       |       |       |   150 |       ||   150
Invok: Lesser Servant of |       |       |       |       |    24 |    53 |    13 |       ||    90
 Abil: Evoke Flight      |       |       |       |       |       |     2 |       |       ||     2
Evoke: Wand              |       |       |     1 |     7 |    36 |    46 |     2 |     1 ||    93
  Use: Scroll            |       |     7 |     7 |     5 |     9 |    24 |    11 |    13 ||    76
 Stab: Paralysed         |       |       |     3 |     7 |       |       |       |       ||    10
       Distracted        |       |       |       |       |     1 |     5 |     2 |       ||     8
Armor: Leather armour    |    27 |     7 |       |       |       |       |       |       ||    34
       Scale mail        |     1 |    84 |   170 |    23 |       |       |       |       ||   278
       Plate armour      |       |    55 |       |       |       |   712 |   397 |   126 ||  1290
       Chain mail        |       |       |       |   512 |  1225 |   310 |       |       ||  2047
       Gold dragon scale |       |       |       |       |       |       |       |   125 ||   125
Dodge: Dodged            |    29 |   107 |   153 |   605 |  2292 |  1555 |   646 |   392 ||  5779
Block: Shield            |    42 |   151 |       |       |       |   868 |   894 |   517 ||  2472
       Other             |       |       |     2 |    69 |   195 |    64 |       |       ||   330
       Reflection        |       |       |       |     2 |       |    30 |       |       ||    32
       Rpst.: Double sword |       |       |       |       |     4 |       |       |       ||     4

Table legend:
 A = Spawn XP
 B = Non-spawn XP
 C = Spawn XP percentage of total XP
 D = Spawn monster count
 E = Non-spawn monster count
 F = Spawn count percentage of total count
 G = Total turns spent on level
                    A         B        C        D         E        F      G
               +---------+---------+-------+---------+---------+-------+---------
         Total |       0 |  939949 |   0.0 |       0 |    2015 |   0.0 | 51812
               +---------+---------+-------+---------+---------+-------+---------
           D:1 |       0 |      66 |   0.0 |       0 |      28 |   0.0 |   961
           D:2 |       0 |     182 |   0.0 |       0 |      35 |   0.0 |  1010
           D:3 |       0 |      53 |   0.0 |       0 |      22 |   0.0 |   611
           D:4 |       0 |     330 |   0.0 |       0 |      19 |   0.0 |   472
           D:5 |       0 |    1205 |   0.0 |       0 |      30 |   0.0 |   754
           D:6 |       0 |    1210 |   0.0 |       0 |      30 |   0.0 |  1314
           D:7 |       0 |    1080 |   0.0 |       0 |      23 |   0.0 |   843
           D:8 |       0 |    3007 |   0.0 |       0 |      29 |   0.0 |  1069
           D:9 |       0 |    2245 |   0.0 |       0 |      28 |   0.0 |   874
          D:10 |       0 |    6599 |   0.0 |       0 |      52 |   0.0 |  1209
          D:11 |       0 |    3980 |   0.0 |       0 |      27 |   0.0 |  1374
          D:12 |       0 |    3139 |   0.0 |       0 |      21 |   0.0 |   797
          D:13 |       0 |   20901 |   0.0 |       0 |      47 |   0.0 |  1618
          D:14 |       0 |    6591 |   0.0 |       0 |      21 |   0.0 |   720
          D:15 |       0 |    8285 |   0.0 |       0 |      14 |   0.0 |  1206
        Lair:1 |       0 |    3981 |   0.0 |       0 |      14 |   0.0 |  1143
        Lair:2 |       0 |    2330 |   0.0 |       0 |      32 |   0.0 |   900
        Lair:3 |       0 |    6678 |   0.0 |       0 |      21 |   0.0 |  1624
        Lair:4 |       0 |    6889 |   0.0 |       0 |      21 |   0.0 |  1130
        Lair:5 |       0 |   10954 |   0.0 |       0 |      37 |   0.0 |  1205
        Lair:6 |       0 |   16831 |   0.0 |       0 |      73 |   0.0 |  1637
      Shoals:1 |       0 |   12767 |   0.0 |       0 |      23 |   0.0 |   759
      Shoals:2 |       0 |    7594 |   0.0 |       0 |      16 |   0.0 |  1520
      Shoals:3 |       0 |   19036 |   0.0 |       0 |      37 |   0.0 |   656
      Shoals:4 |       0 |   35278 |   0.0 |       0 |      62 |   0.0 |  1617
      Spider:1 |       0 |   22467 |   0.0 |       0 |      69 |   0.0 |  2014
      Spider:2 |       0 |   34346 |   0.0 |       0 |      80 |   0.0 |  2697
      Spider:3 |       0 |    6277 |   0.0 |       0 |      34 |   0.0 |   707
      Spider:4 |       0 |   24940 |   0.0 |       0 |      57 |   0.0 |  1970
         Orc:1 |       0 |    4452 |   0.0 |       0 |      47 |   0.0 |   907
         Orc:2 |       0 |    8294 |   0.0 |       0 |      71 |   0.0 |  1216
      Vaults:1 |       0 |   28802 |   0.0 |       0 |      79 |   0.0 |  1227
      Vaults:2 |       0 |   53724 |   0.0 |       0 |      65 |   0.0 |  1402
      Vaults:3 |       0 |   48139 |   0.0 |       0 |      62 |   0.0 |  1373
      Vaults:4 |       0 |   65565 |   0.0 |       0 |      96 |   0.0 |  1161
       Crypt:1 |       0 |   29043 |   0.0 |       0 |      45 |   0.0 |   730
       Crypt:2 |       0 |   16359 |   0.0 |       0 |      25 |   0.0 |   556
       Crypt:3 |       0 |   41522 |   0.0 |       0 |      59 |   0.0 |   745
      Depths:1 |       0 |   36853 |   0.0 |       0 |      37 |   0.0 |   716
      Depths:2 |       0 |   62833 |   0.0 |       0 |      56 |   0.0 |  1236
      Depths:3 |       0 |   76899 |   0.0 |       0 |     122 |   0.0 |  2482
      Depths:4 |       0 |   98694 |   0.0 |       0 |      91 |   0.0 |  1704
      Depths:5 |       0 |   55017 |   0.0 |       0 |      54 |   0.0 |   819
         Sewer |       0 |     128 |   0.0 |       0 |      17 |   0.0 |   208
    Desolation |       0 |   44384 |   0.0 |       0 |      87 |   0.0 |   825
               +---------+---------+-------+---------+---------+-------+---------
